 Dungeon Crawl Stone Soup version 0.21-a0-84-g85d6d27 (webtiles) character file.

3 xnavy the Ruffian (level 1, 0/19 HPs)
             Began as an Ogre Transmuter on June 25, 2017.
             Succumbed to a goblin's poison
             ... on level 1 of the Dungeon.
             The game lasted 00:02:12 (167 turns).

xnavy the Ruffian (Ogre Transmuter)                  Turns: 167, Time: 00:02:12

Health: 0/19       AC:  3    Str: 13    XL:     1   Next: 50%
Magic:  2/3        EV: 10    Int: 14    God:
Gold:   22         SH:  0    Dex:  9    Spells: 3/4 levels left

rFire    . . .     SeeInvis .     - Unarmed
rCold    . . .     Gourm    .   (no shield)
rNeg     . . .     Faith    .   b - +0 robe
rPois    .         Spirit   .   (helmet restricted)
rElec    .         Reflect  .   (no cloak)
rCorr    .         Harm     .   (gloves unavailable)
MR       .....                  (boots unavailable)
Stlth    +.........             (no amulet)
HPRegen  0.06/turn              (no ring)
MPRegen  0.08/turn              (no ring)

@: lethally poisoned (0 -> -23), appendage (expiring), hasted, very quick
A: unfitting armour, talons 3, tough skin 1
a: End Transformation


You were on level 1 of the Dungeon.
You were not hungry.
You had grown temporary talons.
You visited 1 branch of the dungeon, and saw 1 of its levels.

You collected 22 gold pieces.

Inventory:

Missiles
 a - 40 arrows
Armour
 b - a +0 robe (worn)
Books
 c - a book of Changes
Comestibles
 d - a bread ration {@e1}


   Skills:
 - Level 1.3 Fighting
 - Level 1.7 Dodging
 * Level 2.8 Unarmed Combat
 - Level 2.4 Spellcasting
 + Level 1.9 Transmutations


You had 3 spell levels left.
You knew the following spells:

 Your Spells              Type           Power        Failure   Level  Hunger
a - Beastly Appendage     Tmut           #.....       11%         1    #......


Dungeon Overview and Level Annotations

Branches:
Dungeon (1/15)

Altars:


Innate Abilities, Weirdness & Mutations

You are too large for most types of armour.
You have tough skin. (AC +1)
You have claws for feet.


Message History

Will you be the one to retrieve the fabulous Orb of Zot from the depths?
Found a staircase leading out of the dungeon.
Unknown command.
Unknown command. (m)acro, (M)acro raw, keymap [(k) default, (x) level-map, (t)argeting, (c)onfirm, m(e)nu], (s)ave?
Input macro trigger key: / Input macro action: ===HDAtravel Created macro '/' => '===HDAtravel'.
You now have 10 gold pieces.
You see here 11 stones.
You now have 22 gold pieces (gained 12).
You see here a dagger.
A rat comes into view.
The rat barely misses you.
A goblin comes into view. It is wielding a dagger.
The rat bites you.
You take 2 damage, and have 17/19 hp.
The rat bites you.
You take 1 damage, and have 16/19 hp.
You miscast Beastly Appendage.
You are very lightly contaminated with residual magic.
Strange energies run through your body. The rat bites you.
You take 1 damage, and have 15/19 hp.
You now have 2/3 mp.
You miscast Beastly Appendage.
Nothing appears to happen.
The rat bites you but does no damage.
You now have 1/3 mp.
Unknown command.
You miscast Beastly Appendage.
Nothing appears to happen.
The rat bites you but does no damage.
You now have 0/3 mp.
You closely miss the rat. The rat bites you but does no damage.
You hit the rat. You closely miss the rat.
The rat bites you but does no damage.
You hit the rat.
You kill the rat!
You start resting.
A kobold comes into view. It is wielding a short sword.
You see here a dagger.
You start resting.
You grow a pair of large bovine horns.
The kobold shouts!
You now have 1/3 mp.
You hit the kobold.
You kill the kobold!
You start resting.
Your transformation is almost over.
You start resting.
Your horns disappear.
You start resting.
Health restored: 19; MP restored: 3 You see here a short sword.
You see here a dagger.
Your magical contamination has completely faded away.
e - a blue potion
a - 40 arrows (gained 28)
A goblin comes into view. It is wielding a dagger of venom.
The goblin shouts!
Your feet morph into talons.
You now have 2/3 mp.
You closely miss the goblin.
The goblin hits you with a dagger of venom.
You are poisoned.
You take 1 damage, and have 18/19 hp.
You miss the goblin. You claw the goblin, but do no damage.
You feel sick.
The goblin hits you with a dagger of venom.
You are lethally poisoned!
A rat comes into view.
You take 2 damage, and have 16/19 hp.
You hit the goblin.
You feel sick.
The goblin hits you with a dagger of venom.
You are more poisoned.
You take 5 damage, and have 11/19 hp.
MASSIVE DAMAGE!!
You hit the goblin.
You kill the goblin!
Your transformation is almost over.
You feel sick.
You take 2 damage, and have 9/19 hp.
It was a potion of haste.
You feel yourself speed up.
You feel sick.
You take 2 damage, and have 7/19 hp.
You feel sick.
Things that are here:
a dagger of venom; a goblin corpse You take 1 damage, and have 6/19 hp.
* * * LOW HITPOINT WARNING * * *
You feel sick.
You take 2 damage, and have 4/19 hp.
You barely miss the rat.
* * * LOW HITPOINT WARNING * * *
You feel sick. The rat bites you.
* * * LOW HITPOINT WARNING * * *
You take 2 damage, and have 2/19 hp.
You hit the rat.
You kill the rat!
* * * LOW HITPOINT WARNING * * *
You feel sick.
You take 1 damage, and have 1/19 hp.
Unknown command.
You aren't carrying any potions.
You die...

.# .#
###########.###.##
.................
##.##.#####...#.# ##
#..#..####...#.####
..
##.##.#.#.#.#.#.#.#.#
.##.............?.
..#.#.#.#.#.#.#.#.#.#
..#........).@.......
(.#.#.#.#.#.#.#.#.#.#
.................
##..#.#.#.#.#.#)#.#
#......+.#####.....
...###..... ....? ..
#..... ..### #.....
.#


There were no monsters in sight!

Vanquished Creatures
  A goblin (D:1)
  A kobold (D:1)
  2 rats (D:1)
4 creatures vanquished.

Notes
Turn   | Place    | Note
-------+----------+-------------------------------------------
     0 | D:1      | xnavy the Ogre Transmuter began the quest for the Orb.
     0 | D:1      | Reached XP level 1. HP: 19/19 MP: 3/3
   164 | D:1      | HP: 4/19 [poisoned by a goblin]
   166 | D:1      | HP: 1/19 [poisoned by a goblin]
   167 | D:1      | Succumbed to a goblin's poison

Vault maps used:
D:1:      elethiomel_arrival_maze, st_stairs_12

Action                   || total
-------------------------++-------
Melee: Unarmed           ||    11
       Kick              ||     1
 Cast: Beastly Appendage ||     2
  Use: Potion            ||     1
Armor: Robe              ||     4
Dodge: Dodged            ||     1

Vault maps used:
D:1:      elethiomel_arrival_maze, st_stairs_12

Table legend:
 A = Turns spent in this place as a percentage of turns spent in the entire game.
 B = Non-inter-level travel turns spent in this place as a percentage of non-inter-level travel turns spent in the entire game.
 C = Inter-level travel turns spent in this place as a percentage of turns spent in this place.
 D = Turns resting spent in this place as a percentage of non-inter-level travel turns spent in this place.
 E = Turns spent auto-exploring this place as a percentage of non-inter-level travel turns spent in this place.
 F = Non-inter-level travel turns spent in this place divided by the number of levels of this place that you've seen.
                   A       B       C       D       E      F
               +-------+-------+-------+-------+-------+----------------------
         Total | 100.0 | 100.0 |   0.0 |  18.9 |   7.5 |  53.0
       Dungeon | 100.0 | 100.0 |   0.0 |  18.9 |   7.5 |  53.0
               +-------+-------+-------+-------+-------+----------------------

Table legend:
 A = Kills in this place as a percentage of kills in entire the game.
 B = Kills by you in this place as a percentage of kills by you in the entire game.
 C = Kills by friends in this place as a percentage of kills by friends in the entire game.
 D = Other kills in this place as a percentage of other kills in the entire game.
 E = Experience gained in this place as a percentage of experience gained in the entire game.
 F = Experience gained in this place divided by the number of levels of this place that you have seen.
                   A       B       C       D       E      F
               +-------+-------+-------+-------+-------+----------------------
         Total | 100.0 | 100.0 |  -nan |  -nan | 100.0 |   5.0
       Dungeon | 100.0 | 100.0 |  -nan |  -nan | 100.0 |   5.0
               +-------+-------+-------+-------+-------+----------------------
